Map: Dusk Towers

Players

ImmortalZodd - Winner!

  • Race: Zerg Zerg
  • League: Silver

A.I. 1 (Harder)

  • Race: Protoss Protoss

VOD

Have the link to the VOD?

Description

Time

  • Played on: Jan. 29, 2016, 4:27 p.m.
  • Length: 9:58
Show
View Real Time Build Order
Export as new Build Order

ImmortalZodd Zerg - Winner!

Build Orders: Hatch First 

Get SALT Encoding   

  12  0:01  Drone  
  13  0:10  Drone  
  14  0:19  Overlord  
  14  0:37  Drone  
  14  0:38  Drone  
  16  0:51  Hatchery  
  16  0:54  Drone  
  16  1:00  Drone  
  16  1:03  Drone  
  18  1:04  Extractor  
  18  1:10  Drone  
  18  1:36  Drone x2  
  18  1:37  Spawning Pool  
  19  1:42  Drone  
  20  1:53  Drone  
  21  2:13  Drone x2  
  23  2:17  Drone  
  23  2:18  Drone  
  25  2:24  Overlord  
  25  2:26  Metabolic Boost  
  25  2:28  Queen  
  27  2:36  Extractor, Queen  
  29  2:44  Zergling x4  
  29  2:49  Drone  
  29  2:50  Drone x2  
  33  3:01  Drone  
  33  3:02  Drone  
  35  3:09  Hatchery  
  35  3:10  Drone  
  35  3:11  Drone  
  36  3:39  Roach Warren  
  36  3:40  Extractor, Queen  
  36  3:43  Evolution Chamber  
  36  3:44  Drone  
  36  3:48  Evolution Chamber, Overlord  
  35  3:49  Overlord x3  
  35  4:07  Lair  
  35  4:13  Zerg Missile Weapons Level 1  
  35  4:25  Drone x2  
  35  4:26  Drone x6  
  35  4:27  Drone  
  44  4:36  Zerg Ground Armor Level 1  
  44  4:38  Drone  
  45  4:48  Drone x3  
  45  4:50  Roach  
  50  4:58  Roach x2  
  50  4:59  Roach  
  56  5:04  Roach  
  56  5:06  Glial Reconstitution  
  59  5:14  Drone x3  
  59  5:15  Drone x2  
  63  5:32  Roach x5  
  63  5:35  Overlord x2  
  73  5:56  Roach  
  73  5:57  Roach x4  
  81  5:58  Roach x3  
  89  6:08  Infestation Pit  
  88  6:22  Roach  
  90  6:29  Overlord x5  
  90  6:30  Overlord x4  
  90  6:31  Overlord  
  90  6:36  Zerg Missile Weapons Level 2  
  90  6:41  Zerg Ground Armor Level 2  
  90  6:47  Drone x3  
  90  6:48  Drone  
  74  7:16  Roach x3  
  74  7:17  Roach x9  
  92  7:27  Roach  
  92  7:28  Roach x3  
  96  7:37  Roach x3  
  102  7:45  Roach  
  102  7:46  Roach x2  
  108  7:55  Roach x2  
  108  7:56  Roach  
  114  8:11  Roach x5  
  114  8:12  Roach  
  124  8:25  Roach  
  124  8:26  Roach x3  
  120  9:34  Roach x2  
  120  9:35  Roach x10  
Show
View Real Time Build Order
Export as new Build Order

A.I. 1 (Harder) Protoss 

Build Orders:  

Get SALT Encoding   

  12  0:01  Probe (Chrono Boost)  
  13  0:11  Probe (Chrono Boost)  
  14  0:19  Pylon  
  14  0:22  Probe (Chrono Boost)  
  15  0:38  Probe (Chrono Boost)  
  15  0:40  Gateway  
  16  0:48  Probe (Chrono Boost), Assimilator  
  17  0:59  Probe (Chrono Boost)  
  17  1:02  Pylon  
  18  1:09  Probe (Chrono Boost)  
  19  1:23  Probe (Chrono Boost)  
  20  1:26  Zealot  
  20  1:31  Cybernetics Core  
  22  1:43  Gateway  
  22  1:47  Assimilator  
  22  1:50  Zealot  
  24  2:00  Pylon  
  24  2:14  Zealot  
  24  2:17  Warp Gate  
  26  2:28  Stalker  
  28  2:40  Zealot, Pylon  
  30  2:57  Zealot  
  32  3:06  Zealot  
  34  3:22  Pylon  
  34  3:23  Adept  
  36  3:32  Stalker  
  38  3:49  Zealot  
  38  3:50  Probe (Chrono Boost)  
  41  4:02  Stalker  
  44  4:03  Probe (Chrono Boost)  
  44  4:07  Pylon  
  44  4:14  Probe (Chrono Boost), Adept  
  47  4:20  Forge  
  47  4:26  Probe (Chrono Boost)  
  48  4:37  Probe (Chrono Boost)  
  49  4:39  Stalker  
  51  4:48  Probe (Chrono Boost)  
  51  4:50  Stalker  
  54  6:19  Protoss Ground Weapons Level 1  
  54  6:24  Sentry  
  56  6:28  Gateway  
  56  6:30  Nexus, Photon Cannon x2  
  56  6:32  Robotics Facility  
  56  6:33  Stalker  
  56  6:36  Stargate  
  58  6:40  Twilight Council  
  58  6:42  Forge  
  58  6:46  Stalker  
  58  6:47  Pylon  
  60  6:54  Stalker  
  62  7:08  Stalker  
  64  7:12  Blink  
  56  7:17  Zealot  
  56  7:19  Observer  
  49  7:25  Zealot  
  43  7:34  Adept  
  43  7:40  Observer  
  43  7:42  Zealot  
  47  7:45  Probe (Chrono Boost)  
  47  7:50  Probe (Chrono Boost)  
  48  7:51  Stalker  
  48  7:57  Probe (Chrono Boost)  
  51  8:00  Sentry  
  51  8:02  Probe (Chrono Boost)  
  54  8:08  Stalker, Probe (Chrono Boost)  
  58  8:13  Probe (Chrono Boost)  
  58  8:17  Stalker  
  58  8:19  Probe (Chrono Boost)  
  59  8:25  Probe (Chrono Boost), Zealot  
  44  8:31  Stalker  
  40  8:39  Stalker  
  42  8:46  Stalker  
  42  8:47  Mothership Core (Chrono Boost)  
  42  8:53  Stalker  
  42  9:01  Pylon  
  37  9:07  Zealot  
  10  9:53  Nexus  
Tags
 
Add a new tag
Caveats
  • Supply blocks, unpowered buildings, or Contaminate may cause inaccurate times.
  • Supply counts are checked every 10 seconds.